 Dungeon Crawl Stone Soup version 0.23-a0-650-ga4d50d4 (webtiles) character file.

1122 Lanoc the Ruffian (level 8, -5/79 HPs)
             Began as a Troll Monk on Jan 3, 2019.
             Was an Elder of Elyvilon.
             Slain by an ogre
             ... wielding a +0 giant club
              (12 damage)
             ... on level 5 of the Dungeon.
             The game lasted 00:05:09 (1981 turns).

Lanoc the Ruffian (Troll Monk)                      Turns: 1981, Time: 00:05:10

Health: -5/79      AC:  8    Str: 22    XL:     8   Next: 12%
Magic:  7/7        EV: 12    Int:  6    God:    Elyvilon [****..]
Gold:   125        SH:  0    Dex: 12    Spells: 7/7 levels left

rFire    . . .     SeeInvis .     - Unarmed
rCold    . . .     Gourm    +   (no shield)
rNeg     . . .     Faith    .   a - +0 robe
rPois    .         Spirit   .   (helmet restricted)
rElec    .         Reflect  .   f - +2 cloak
rCorr    .         Harm     .   (gloves unavailable)
MR       .....                  (boots unavailable)
Stlth    ++........             (no amulet)
HPRegen  0.63/turn              (no ring)
MPRegen  0.10/turn              (no ring)

@: very slightly contaminated
A: large, unfitting armour, claws 3, fast metabolism 3, gourmand, regeneration
1, shaggy fur 1, tough skin 2
a: Lesser Healing, Heal Other, Purification, Greater Healing, Divine Protection,
Renounce Religion


You were on level 5 of the Dungeon.
You worshipped Elyvilon.
Elyvilon was greatly pleased with you.
You were very full.

You visited 2 branches of the dungeon, and saw 6 of its levels.

You collected 125 gold pieces.

Inventory:

Missiles
 k - 3 large rocks (quivered)
Armour
 a - a +0 robe (worn)
 f - a +2 cloak (worn)
Scrolls
 d - a scroll of teleportation
 i - a scroll of remove curse {unknown}
 j - a scroll of noise {unknown}
Potions
 c - 2 potions of flight {unknown}
 g - a potion of curing {unknown}
 h - a potion of lignification {unknown}
 l - a potion of resistance {unknown}
 m - a potion of berserk rage {unknown}
Comestibles
 b - 4 rations
 n - 2 chunks of flesh


   Skills:
 + Level 4.6 Fighting
 + Level 4.6 Dodging
 - Level 1.0 Stealth
 * Level 7.4 Unarmed Combat


You had 7 spell levels left.
You didn't know any spells.
Your spell library contained the following spells:

 Spells                   Type           Power        Failure   Level  Hunger
 Corona                   Hex            #......      45%         1    ##.....
 Ensorcelled Hibernation  Hex/Ice        #.....       58%         2    ###....
 Confuse                  Hex            #.......     83%         3    ####...
 Dazzling Spray           Conj/Hex       #.....       83%         3    ####...
 Tukima's Dance           Hex            #.......     83%         3    ####...


Dungeon Overview and Level Annotations

Branches:
Dungeon (5/15)             Temple (1/1) D:4

Altars:
Ashenzari
Cheibriados
Dithmenos
Elyvilon
Fedhas
Hepliaklqana
Makhleb
Nemelex Xobeh
Qazlal
Ru
Sif Muna
Uskayaw
Vehumet
Wu Jian
Xom
Yredelemnul
Zin


Innate Abilities, Weirdness & Mutations

You are too large for most types of armour.
You have claws for hands.
Your metabolism is lightning-fast.
You like to eat raw meat.
Your natural rate of healing is unusually fast.
You are covered in fur. (AC +1)
You have very tough skin. (AC +2)


Message History

* * * LOW HITPOINT WARNING * * *
There is a collapsed entrance here.
You scratch the ogre.
The ogre is lightly wounded.
The ogre hits you with a +0 giant club!
* * * LOW HITPOINT WARNING * * *
You scratch the ogre but do no damage.
The ogre is lightly wounded.
You scratch the ogre.
The ogre is moderately wounded.
The ogre closely misses you.
You scratch the ogre.
The ogre is moderately wounded.
The ogre misses you.
You claw the ogre!
The ogre is severely wounded.
You barely miss the ogre.
The ogre is severely wounded.
The ogre hits you with a +0 giant club!
You die...

.. #### .. >. .... ###.###.#
..... P#... .... .....
...#.##.. .!....
.......###########......
#(..#≈≈≈≈≈≈≈≈≈#......
#...†≈≈≈≈@O≈≈≈'..#
#...#≈≈≈≈≈≈≈≈≈#$#######
#...############........
.####..#'######....#..........
...............................
...............................
...............................
...............................
.......(.......................


You could see an ogre.

Vanquished Creatures
  The ghost of Calas the Skirmisher, a novice GrFi of Okawaru (D:5)
  A phantom (D:4)
  An ogre (D:4)
  A scorpion (D:5)
  2 hounds (D:4)
  An orc priest (D:4)
  Crazy Yiuf (D:3)
  2 iguanas (D:4)
  A worker ant (D:4)
  7 orc wizards (D:4)
  10 adders
  A river rat (D:5)
  An ooze (D:4)
  A worm (D:2)
  2 dart slugs
  6 leopard geckos
  2 orcs (D:4)
  7 giant cockroaches
  5 goblins
  5 hobgoblins
  2 jackals (D:4)
  3 kobolds
  A quokka (D:2)
  2 ball pythons
  A ball python skeleton (D:3)
  5 bats
  2 frilled lizards
  2 rats
76 creatures vanquished.

Notes
Turn   | Place    | Note
-------+----------+-------------------------------------------
     0 | D:1      | Lanoc the Troll Monk began the quest for the Orb.
     0 | D:1      | Reached XP level 1. HP: 22/22 MP: 0/0
   106 | D:1      | Reached XP level 2. HP: 29/29 MP: 1/1
   290 | D:2      | Reached XP level 3. HP: 36/36 MP: 2/2
   340 | D:2      | Found a faded altar of an unknown god.
   352 | D:2      | Became a worshipper of Elyvilon the Healer
   352 | D:2      | Reached * piety under Elyvilon
   352 | D:2      | Reached ** piety under Elyvilon
   388 | D:2      | Reached skill level 4 in Unarmed Combat
   408 | D:2      | Reached XP level 4. HP: 38/44 MP: 3/3
   557 | D:3      | Reached *** piety under Elyvilon
   574 | D:3      | Found a runed door.
   623 | D:3      | Noticed Crazy Yiuf
   630 | D:3      | Killed Crazy Yiuf
   933 | D:4      | Reached XP level 5. HP: 51/53 MP: 4/4
   976 | D:4      | Reached skill level 5 in Unarmed Combat
   988 | D:4      | Reached XP level 6. HP: 44/61 MP: 5/5
  1260 | D:4      | Reached skill level 6 in Unarmed Combat
  1286 | D:4      | Reached XP level 7. HP: 63/68 MP: 6/6
  1454 | D:4      | Found a hazy altar of Hepliaklqana.
  1586 | D:4      | Reached **** piety under Elyvilon
  1668 | D:4      | Found a staircase to the Ecumenical Temple.
  1677 | Temple   | Entered the Ecumenical Temple
  1883 | D:5      | Entered Level 5 of the Dungeon
  1925 | D:5      | Found a runed door.
  1926 | D:5      | Noticed Calas's ghost (novice GrFi)
  1943 | D:5      | Killed Calas's ghost
  1943 | D:5      | Reached skill level 7 in Unarmed Combat
  1943 | D:5      | Reached XP level 8. HP: 10/79 MP: 7/7
  1952 | D:5      | Found a runed door.
  1981 | D:5      | Slain by an ogre

Vault maps used:
D:1:      doesnt_arrival_eight_statues
D:2:      gammafunk_temple_overflow_statue, first_ration,
          chequers_ecumenical_altar_simple_redux
D:3:      nicolae_gozag_seed_capital, roderic_batcave, uniq_sigmund,
          uniq_crazy_yiuf_cottage
D:4:      marbit_many_paths, minmay_temple_entry_proselytizer,
          minmay_a_box_with_orc_wizards_in_it
D:5:      kennysheep_mini_moat, ebering_ghost_sewer_f, serial_bayou_pond_a,
          trog_hazing_becter
Temple:   nicolae_temple_elliptical

Skill      XL: |  1  2  3  4  5  6  7 |
---------------+----------------------+-----
Unarmed Combat | 4 5 6 7 |  7.4
Dodging        | 3 4 |  4.6
Fighting       | 3 4 |  4.6
Stealth        | |  1.0

Action                   |  1- 3 |  4- 6 |  7- 9 || total
-------------------------+-------+-------+-------++-------
Melee: Unarmed           |    74 |   128 |    46 ||   248
       Punch             |     3 |     1 |     3 ||     7
  Use: Scroll            |       |       |     2 ||     2
 Stab: Sleeping          |     1 |       |     4 ||     5
  Eat: Chunk             |     9 |     7 |     6 ||    22
Armor: Robe              |    24 |    36 |     8 ||    68
Dodge: Dodged            |    34 |    42 |    13 ||    89

Table legend:
 A = Non-vault XP
 B = Vault XP
 C = Vault XP percentage of total XP
 D = Non-vault monster count
 E = Vault monster count
 F = Vault count percentage of total count
                 A         B        C        D         E       F
            +---------+---------+-------+---------+---------+-------
      Total |     756 |     848 |  52.9 |      61 |      15 |  19.7
            +---------+---------+-------+---------+---------+-------
        D:1 |      34 |       0 |   0.0 |      17 |       0 |   0.0
        D:2 |      71 |       0 |   0.0 |      17 |       0 |   0.0
        D:3 |      48 |      41 |  46.1 |       7 |       3 |  30.0
        D:4 |     531 |     270 |  33.7 |      19 |       8 |  29.6
        D:5 |      72 |     537 |  88.2 |       1 |       4 |  80.0
            +---------+---------+-------+---------+---------+-------
